Description

My second build, usually when I going to SpawningTool I see builds into 3 barracks before factory in TvX, but I think about this combination isn't good and that's why I made my opening build. At the end of the build, you have 2 tanks for the base defend, 10-12 marines (4 in the bunker), 1 banshee and another banshee in production, and third base in production with engineering bay, this build easily working in Diamond League...

After Assembly continue to do marines, tanks and banshees, add the second starport for Medivacs, or make reactor for the first starport, and wait for upgrades before you go to attack. Use banshees to take economic advantage.

Build Order

Get SALT Encoding   

  14  0:17  Supply Depot  
  14  0:27  Refinery  
  16  0:46  Barracks  
  19  1:33  Reaper  
  19  1:34  Orbital Command  
  20  1:45  Command Center  
  20  1:50  Refinery  
  21  2:05  Barracks Reactor  
  21  2:11  Supply Depot  
  22  2:23  Bunker  For the second base defence
  23  2:30  Factory  
  24  2:41  Marine x2  
  27  2:58  Orbital Command  
  27  2:59  Marine x2  We need to make only 4 marines for a Bunker
  30  3:13  Factory Tech Lab  For Siege Tanks
  30  3:14  Starport  
  32  3:33  Siege Tank  
  36  3:37  Marine x2  
  36  3:40  Supply Depot  
  40  3:50  Starport Tech Lab  For Banshee
  42  3:56  Marine x2  
  45  4:05  Supply Depot  
  45  4:09  Cloaking Field  
  46  4:10  Banshee  
  46  4:13  Siege Tank  
  54  4:28  Supply Depot  
  56  4:35  Command Center  
  56  4:42  Marine x2  
  60  4:50  Siege Tank  
  68  5:00  Engineering Bay  
  70  5:10  Barracks  
  70  5:13  Barracks  
  72  5:20  Refinery  
Spawning Tool Build Advisor. Get it on Overwolf

Analysis

We have a good defence for a base, two tanks, 8 marines, and good two bases economic with 3cc in production, besides it, we have 2 banshees and they can attack our enemy's base and give to us an economic advantage. But our stimpack and combat shield timings will be not good, I think this is a huge minus of this Assembly.

Go to:

Details

  • Created by: MaXGrig 
  • Published on: Sep 21, 2019
  • Modified on: Sep 21, 2019
  • Patch: 3.8.0
Show
View Real Time Build Order
Export as new Build Order

Comments (1)

On Sept. 1, 2021, 7:11 a.m., Tolo  said:

thanks for build i wasn't playing terran at all on 1v1 and i started cause od this thank you once again

Create an account to comment!